 Dungeon Crawl Stone Soup version 0.18-a0-373-gaf408bd (webtiles) character file.

67 Raultor the Changer (level 4, -1/28 HPs)
             Began as an Octopode Transmuter on Nov 29, 2015.
             Slain by a jackal (3 damage)
             ... on level 2 of the Dungeon.
             The game lasted 00:05:40 (1724 turns).

Raultor the Changer (Octopode Transmuter)           Turns: 1724, Time: 00:05:40

Health: -1/28      AC:  1    Str: 10    XL:     4   Next: 18%
Magic:  4/7        EV: 12    Int: 19    God:
Gold:   58         SH:  0    Dex: 12    Spells: 3 memorised, 0 levels left

rFire  . . .     SeeInvis .       - Unarmed
rCold  . . .     Clarity  .     (no shield)
rNeg   . . .     SustAt   .     (helmet restricted)
rPois  .         Gourm    .     (no amulet)
rElec  .         Spirit   .     e - +4 ring of intelligence
rCorr  .         Warding  .     (no ring)
rMut   .         Stasis   .     (no ring)
MR     .....                    (no ring)
Stlth  ++........               (no ring)
                                (no ring)
                                (no ring)
                                (no ring)

@: lethally poisoned (-1 -> -13), appendage (expiring), flying (expiring), not
resistant to hostile enchantments, unstealthy
A: almost no armour, amphibious, 8 rings, constrict 8, tentacle spike 3,
camouflage 1, gelatinous body 1
a: End Transformation


You were on level 2 of the Dungeon.
You were not hungry.
One of your tentacles had a temporary spike.
You visited 1 branch of the dungeon, and saw 2 of its levels.

You collected 58 gold pieces.

Inventory:

Missiles
 a - 72 arrows
Jewellery
 e - a +4 ring of intelligence (left tentacle)
Scrolls
 g - a scroll of magic mapping {unknown}
 h - 2 scrolls of teleportation {unknown}
 j - a scroll of amnesia {unknown}
 k - 2 scrolls of identify {unknown}
 l - a scroll of noise {unknown}
Books
 b - a book of Changes

   Spells                             Type                      Level
   a - Beastly Appendage              Transmutation                1
   b - Sticks to Snakes               Transmutation                2
   c - Spider Form                    Transmutation/Poison         3
   d - Ice Form                       Ice/Transmutation            4
   e - Blade Hands                    Transmutation                5
Comestibles
 c - a bread ration
 i - a meat ration


   Skills:
 - Level 1.0 Fighting
 - Level 2.0 Dodging
 - Level 3.0 Unarmed Combat
 - Level 2.0 Spellcasting
 + Level 4.2 Transmutations
 * Level 0.2 Ice Magic


You couldn't memorise any spells.
You knew the following spells:

 Your Spells              Type           Power        Failure   Level  Hunger
a - Beastly Appendage     Trmt           ###...       3%          1    #......
b - Sticks to Snakes      Trmt           ###.....     6%          2    ###....
c - Ice Form              Ice/Trmt       ##......     75%         4    #####..


Dungeon Overview and Level Annotations

Branches:
Dungeon (2/15)

Altars:


Innate Abilities, Weirdness & Mutations

You cannot wear most types of armour.
You are amphibious.
You can wear up to eight rings at the same time.
You can use your tentacles to constrict eight enemies at once.
Your skin changes colour to match your surroundings (Stealth).
Your rubbery body absorbs attacks (AC +1).
One of your tentacles bears a large vicious spike.


Message History

The adder poisons your ball python!
Your ball python closely misses the adder. x2
The jackal bites your ball python.
Your ball python dies!
Drink which item? (? for menu, Esc to quit)
It was a potion of flight.
You feel very buoyant.
You fly up into the air.
* * * LOW HITPOINT WARNING * * *
You feel sick. The adder bites you but does no damage.
Your ball python barely misses the adder.
Your ball python closely misses the adder.
Drink which item? (? for menu, Esc to quit)
It was a potion of cancellation.
Your magical effects are unravelling.
You feel magically purged. The adder bites you.
* * * LOW HITPOINT WARNING * * *
You are more poisoned.
The adder poisons you! The jackal bites you.
You die...

#..# #.# #..# #.# ##..#
#.# ...# #.. ..# ###
h.#####.## .........#
## #hS############ #.
#S@...........# #.
#.#.####.####.# #.
.#######†#.# #.# #.# #.
.........#.# #.# #.#
##. ##########.####)#
#.# #.. .............#
#.# #..
#..........####.###..
###.#.#.###............
(....>..###..####.####>


You could see an adder, a jackal and a friendly ball python.

Vanquished Creatures
  An ooze (D:1)
  2 giant geckos (D:1)
  8 bats
  6 giant cockroaches
  5 goblins (D:1)
  3 hobgoblins
  8 jackals (D:1)
  A quokka (D:1)
  12 giant newts
  7 kobolds
  7 rats
60 creatures vanquished.

Notes
Turn   | Place    | Note
--------------------------------------------------------------
     0 | D:1      | Raultor the Octopode Transmuter began the quest for the Orb.
     0 | D:1      | Reached XP level 1. HP: 13/13 MP: 3/3
    80 | D:1      | Reached XP level 2. HP: 13/18 MP: 5/5
   208 | D:1      | Learned a level 2 spell: Sticks to Snakes
   815 | D:1      | Reached XP level 3. HP: 23/23 MP: 4/6
  1163 | D:1      | Reached skill level 4 in Transmutations
  1434 | D:2      | Reached XP level 4. HP: 24/28 MP: 5/7
  1449 | D:2      | Learned a level 4 spell: Ice Form
  1514 | D:2      | Found a faded altar to an unknown god.
  1724 | D:2      | Slain by a jackal

Vault maps used:
D:1:      onia_arrival_larder, minmay_lizard_king
D:2:      ecumenical_altar_1

Action                   |  1- 3 |  4- 6 || total
-------------------------+-------+-------++-------
Melee: Unarmed           |    99 |    31 ||   130
 Cast: Beastly Appendage |    13 |     3 ||    16
       Sticks to Snakes  |       |     1 ||     1
  Use: Potion            |       |     2 ||     2
 Stab: Sleeping          |     7 |       ||     7
  Eat: Chunk             |     2 |     1 ||     3
